 Dungeon Crawl Stone Soup version 0.27.1-37-g7b29ead8ac (webtiles) character file.

Game seed: 10355528478427202143

363 cbfl8 the Covered (level 6, -3/53 HPs)
             Began as a Minotaur Fighter on June 5, 2023.
             Slain by Duvessa (11 damage)
             ... on level 5 of the Dungeon.
             The game lasted 00:03:31 (3755 turns).

cbfl8 the Covered (Minotaur Fighter)                Turns: 3755, Time: 00:03:32

Health: -3/53      AC: 11    Str: 26    XL:     6   Next: 39%
Magic:  5/5        EV:  6    Int:  5    God:
Gold:   161        SH: 10    Dex: 12    Spells: 5/5 levels left

rFire    . . .     SeeInvis .   a - +0 war axe
rCold    . . .     Faith    .   c - +0 kite shield
rNeg     . . .     Spirit   .   h - +0 chain mail
rPois    .         Reflect  .   (helmet restricted)
rElec    .         Harm     .   g - +0 cloak
rCorr    .         Rampage  .   (no gloves)
Will     +....                  (no boots)
Stlth    ..........             n - amulet of regeneration
HPRegen  1.17/turn              l - +6 ring of strength
MPRegen  0.09/turn              o - ring of willpower

@: no status effects
A: horns 2, retaliatory headbutt
a: no special abilities


You were on level 5 of the Dungeon.
You visited 1 branch of the dungeon, and saw 5 of its levels.

You collected 161 gold pieces.

Inventory:

Hand Weapons
 a - a +0 war axe (weapon)
 q - the +8 hunting sling of Accord {venom, rN++ rCorr Int+3 Stlth+}
   (You found it on level 4 of the Dungeon)

   Any ammunition fired from it poisons the flesh of those it strikes.
   Int:       It affects your intelligence (+3).
   rN:        It greatly protects you from negative energy.
   rCorr:     It protects you from acid and corrosion.
   Stlth:     It makes you more stealthy.
Missiles
 r - 11 stones (quivered)
Armour
 c - a +0 kite shield (worn)
 g - a +0 cloak (worn)
 h - a +0 chain mail (worn)
Jewellery
 l - a +6 ring of strength (left hand)
 n - an amulet of regeneration (around neck)
 o - a ring of willpower (right hand)
 p - a ring of see invisible
Wands
 i - a wand of flame (12)
Scrolls
 b - a scroll of teleportation
 e - a scroll of fog {unknown}
 j - a scroll of fear {unknown}
 k - a scroll of silence {unknown}
 m - a scroll of enchant armour {unknown}
Potions
 d - a potion of might
 f - a potion of flight


   Skills:
 + Level 4.3 Fighting
 + Level 4.9 Axes
 * Level 0.4 Slings
 + Level 5.0 Armour
 + Level 0.9 Dodging
 + Level 4.6 Shields
 * Level 2.5 Evocations


You had 5 spell levels left.
You didn't know any spells.
Your spell library contained the following spells:

 Spells                   Type           Power      Damage    Failure   Level
 Freeze                   Ice            0%         1d3       100%        1
 Frozen Ramparts          Ice            0%         1d2       100%        3
 Hailstorm                Conj/Ice       0%         3d3       100%        4
 Summon Ice Beast         Ice/Summ       0%         N/A       100%        4
 Summon Mana Viper        Hex/Summ       0%         N/A       100%        5
 Monstrous Menagerie      Summ           0%         N/A       100%        7


Dungeon Overview and Level Annotations

Branches:
Dungeon (5/15)
 Temple: D:4-7

Altars:
Cheibriados
Fedhas
Hepliaklqana
Ru
Sif Muna
Trog
Wu Jian

Shops:
D:5 *

Annotations:
D:5 Duvessa


Innate Abilities, Weirdness & Mutations

You have a pair of horns on your head.
You reflexively headbutt those who attack you in melee.


Message History

You completely miss Dowan.
Dowan is moderately wounded.
You hit something. Something hits you. Dowan completely misses you.
You slash Dowan! You headbutt Dowan!
Dowan is almost dead.
You hit something. Something hits you but does no damage.
Dowan points at you and mumbles some strange words.
You block the puff of frost.
Dowan zaps a wand.
The puff of flame hits you. Something hits you!
You closely miss Dowan. Your headbutt misses Dowan.
Dowan is almost dead.
You hit something. Something hits you! Dowan casts a spell at you.
You resist with almost no effort.
You barely miss Dowan. You headbutt Dowan.
You kill Dowan!
Something shouts wrathfully, "No!"
You closely miss something. Something hits you but does no damage.
Something hits you! You block the hound zombie's attack.
You are too injured to fight recklessly!
Unknown command.
You are too injured to fight recklessly!
Unknown command.
You are too injured to fight recklessly!
Unknown command.
You are too injured to fight recklessly!
You slash the hound zombie!
The hound zombie is moderately damaged.
You hit something but do no damage. Something hits you!
* * * LOW HITPOINT WARNING * * *
You block the hound zombie's attack. Something hits you!
* * * LOW HITPOINT WARNING * * *
The hound zombie bites you but does no damage.
You slash the hound zombie!
The hound zombie is almost destroyed.
You miss something. Something hits you but does no damage.
The hound zombie bites you.
* * * LOW HITPOINT WARNING * * *
Something hits you!
You die...

###.....# ###.......#
...## .. ##.........#
#...# #.#
#..........## #...#
#.# #...........#
#...##..#
#...........###......#
##...........##...∩.#
#..........[.##.Z..#
#.........#...#@..#
###.......#......##
##########.....#
#.....# ##......
#.......? .........#
.......#### .#......


You could see a hound zombie.

Vanquished Creatures
  A black bear (D:4)
  Dowan (D:5)
  A hound (D:4)
  An orc wizard (D:3)
  A howler monkey skeleton (D:4)
  A gnoll (D:1)
  6 adders
  An ufetubus (D:4)
  A worm (D:2)
  2 dart slugs
  6 orcs (D:3)
  9 endoplasms
  5 giant cockroaches
  5 goblins
  5 hobgoblins
  10 jackals
  A quokka (D:4)
  4 ball pythons
  4 bats
  4 frilled lizards
  2 kobolds
  6 rats
77 creatures vanquished.

Notes
Turn   | Place    | Note
-------+----------+-------------------------------------------
     0 | D:1      | cbfl8 the Minotaur Fighter began the quest for the Orb.
     0 | D:1      | Reached XP level 1. HP: 19/19 MP: 0/0
   167 | D:1      | Reached skill level 4 in Armour
   167 | D:1      | Reached XP level 2. HP: 24/27 MP: 1/1
   525 | D:1      | Reached XP level 3. HP: 33/33 MP: 2/2
  1197 | D:2      | Reached skill level 1 in Evocations
  1198 | D:2      | Reached XP level 4. HP: 23/40 MP: 3/3
  1544 | D:2      | Found a faded altar of an unknown god.
  1903 | D:3      | Found a snail-covered altar of Cheibriados.
  1906 | D:3      | Found a shimmering blue altar of Sif Muna.
  1909 | D:3      | Found a blossoming altar of Fedhas.
  1919 | D:3      | Found an ornate altar of the Wu Jian Council.
  2057 | D:3      | Found a bloodstained altar of Trog.
  2487 | D:3      | Reached XP level 5. HP: 45/46 MP: 4/4
  3016 | D:4      | Found a hazy altar of Hepliaklqana.
  3021 | D:4      | Noticed a black bear
  3110 | D:4      | Killed a black bear
  3111 | D:4      | Reached XP level 6. HP: 40/52 MP: 5/5
  3222 | D:4      | Reached skill level 5 in Armour
  3257 | D:4      | Identified the +8 hunting sling of Accord {venom, rN++
                  | rCorr Int+3 Stlth+}
  3338 | D:4      | Found a sacrificial altar of Ru.
  3698 | D:5      | Entered Level 5 of the Dungeon
  3745 | D:5      | Found Ferom's General Store.
  3746 | D:5      | Noticed Duvessa
  3746 | D:5      | Noticed Dowan
  3753 | D:5      | Killed Dowan
  3755 | D:5      | Slain by Duvessa

Illustrated notes

Levels and vault maps discovered:
D:1:      mainiacjoe_arrival_reflecting_pool, layout_basic
D:2:      layout_loops_ring, dilly_ecumenical_altar_fadedgnrine,
          minmay_misc_feat_enclosed, minmay_stone_trees_medium
D:3:      layout_loops_ring, grunt_temple_overflow_cloverleaf,
          nicolae_overflow_hidden_temple, kennysheep_big_empty_room
D:4:      layout_loops_ring, nicolae_ru_the_path_less_chosen,
          mainiacjoe_overflow_catwalk
D:5:      layout_cave_pods, minmay_temple_entry_nine_rooms, serial_shops, shop,
          uniq_duvessa

Skill      XL: |  1  2  3  4  5  6 |
---------------+-------------------+-----
Armour         | 4 5 |  5.0
Axes           | 3 4 |  4.9
Shields        | 4 |  4.6
Evocations     | 1 2 |  2.5
Fighting       | 4 |  4.3
Slings         | |  0.4
Dodging        | |  0.9

Action                   |  1- 3 |  4- 6 || total
-------------------------+-------+-------++-------
Melee: War axe           |    71 |   111 ||   182
       Headbutt          |    10 |    18 ||    28
  Use: Scroll            |     1 |     5 ||     6
Armor: Scale mail        |    30 |       ||    30
       Chain mail        |     4 |    73 ||    77
Dodge: Dodged            |    21 |    35 ||    56
Block: Kite shield       |    39 |    56 ||    95
